 Dungeon Crawl Stone Soup version 0.23-a0-558-g30802b1 (webtiles) character file.

44418 Lavandula the Thaumaturge (level 14, 0/90 HPs)
             Began as a Halfling Enchanter on Dec 11, 2018.
             Was a High Priest of Vehumet.
             Killed by the raging water
             ... invoked by a water nymph
              (30 damage)
             ... on level 1 of the Shoals.
             The game lasted 01:54:20 (15730 turns).

Lavandula the Thaumaturge (Halfling Enchanter)     Turns: 15730, Time: 01:54:21

Health: 0/90       AC: 18    Str:  9    XL:     14   Next: 65%
Magic:  14/28      EV: 20    Int: 17    God:    Vehumet [*****.]
Gold:   602        SH:  6    Dex: 16    Spells: 0/34 levels left

rFire    + + .     SeeInvis .   q - +2 dagger (venom)
rCold    + + +     Gourm    .   r - +0 buckler (curse)
rNeg     + . .     Faith    .   I - +4 troll leather armour
rPois    +         Spirit   .   g - +0 helmet
rElec    .         Reflect  .   A - scarf {rC+ rF+}
rCorr    .         Harm     .   s - +2 pair of gloves
MR       .....                  (no boots)
Stlth    ++........             F - amulet of Udwuniama {Acrobat rPois rC+++ rN+ MR-}
HPRegen  0.65/turn              T - ring of fire
MPRegen  0.21/turn              w - +6 ring of protection

@: about to teleport, very slightly contaminated, very slow
A: small, mutation resistance 1
a: Renounce Religion


You were on level 1 of the Shoals.
You worshipped Vehumet.
Vehumet was extremely pleased with you.
You were hungry.

You visited 5 branches of the dungeon, and saw 23 of its levels.
You also visited: Sewer, Gauntlet and Ice Cave.

You collected 2162 gold pieces.
You spent 1560 gold pieces at shops.

Inventory:

Hand Weapons
 a - a +2 dagger of draining
 m - the +3 morningstar of Gehenna {antimagic, rN+ Dex+7}
   (You found it in a sewer)

   It reduces the magical energy of the wielder, and disrupts the spells and
   magical abilities of those hit.
   Natural abilities and divine invocations are not affected.
   It affects your dexterity (+7).
   It protects you from negative energy.
 q - a +2 dagger of venom (weapon)
 C - a +0 blowgun
 N - the +7 scimitar of Ehoedump {slice, rN+ Int+2}
   (You bought it in a shop on level 2 of the Orcish Mines)

   It inflicts extra damage upon your enemies.
   It affects your intelligence (+2).
   It protects you from negative energy.
Missiles
 v - 2 throwing nets (quivered)
 x - 4 curare-tipped needles
 G - 2 tomahawks of dispersal
Armour
 g - a +0 helmet (worn)
 n - a +2 robe of resistance
 r - a cursed +0 buckler (worn)
 s - a +2 pair of gloves (worn)
 t - a +2 robe of positive energy
 z - a scarf of spirit shield
 A - a scarf of resistance (worn)
 B - the +0 helmet "Ebleoxaimn" {-Tele rPois MP+9 Dex+7}
   (You found it in a Gauntlet)

   It affects your dexterity (+7).
   It protects you from poison.
   It affects your magic capacity (+9).
   It prevents most forms of teleportation.
 E - the +1 cloak of Nedunegu {Int+2 Dex+4}
   (You found it in a Gauntlet)

   It affects your intelligence (+2).
   It affects your dexterity (+4).
 H - a +1 leather armour of fire resistance
 I - a +4 troll leather armour (worn)
 S - +0 acid dragon scales
 U - +0 fire dragon scales
Magical Staves
 j - an uncursed staff of air {unknown}
Jewellery
 w - a +6 ring of protection (right hand)
 F - the amulet of Udwuniama (around neck) {Acrobat rPois rC+++ rN+ MR-}
   (You found it in a Gauntlet)

   [amulet of the acrobat]

   It helps you evade while moving and waiting.
   It renders you almost immune to cold.
   It protects you from poison.
   It protects you from negative energy.
   It affects your resistance to hostile enchantments.
 L - the ring "Kabokkacs" {+Fly rPois}
   (You found it in an ice cave)

   [ring of flight]

   It protects you from poison.
   It lets you fly.
 T - a ring of fire (left hand)
 W - the ring "Ythoang" {+Fly Int+3}
   (You found it on level 6 of the Lair of Beasts)

   [ring of flight]

   It affects your intelligence (+3).
   It lets you fly.
Wands
 y - a wand of disintegration (20)
 J - a wand of paralysis (3)
 M - a wand of flame (14)
Scrolls
 f - 5 scrolls of teleportation
 i - 6 scrolls of remove curse
 o - 2 scrolls of fog
 p - a scroll of magic mapping
 u - 2 scrolls of blinking
 O - a scroll of enchant weapon
Potions
 b - 2 potions of might
 c - 4 potions of heal wounds
 e - 3 potions of haste
 h - 3 potions of flight {unknown}
 k - a potion of magic {unknown}
 l - a potion of degeneration {unknown}
 D - 2 potions of lignification {unknown}
 K - 2 potions of mutation {unknown}
 P - a potion of brilliance
 Q - a potion of resistance {unknown}
 R - 3 potions of curing
 V - 3 potions of agility {unknown}
Comestibles
 d - 19 rations


   Skills:
 - Level 6.7 Fighting
 - Level 10.5 Short Blades
 - Level 1.2 Maces & Flails
 - Level 8.2 Dodging
 - Level 5.6 Stealth
 - Level 5.8 Shields
 + Level 10.7 Spellcasting
 - Level 2.5 Conjurations
 - Level 2.5 Hexes
 - Level 7.1 Charms
 - Level 5.1 Summonings
 - Level 2.3 Necromancy
 - Level 2.0 Translocations
 - Level 5.7 Ice Magic
 - Level 7.1 Air Magic


You couldn't memorise any spells.
You knew the following spells:

 Your Spells              Type           Power        Failure   Level  Hunger
a - Corona                Hex            ###....      4%          1    None
b - Ensorcelled Hibernat  Hex/Ice        ###...       3%          2    None
c - Dazzling Spray        Conj/Hex       ###...       3%          3    None
d - Summon Lightning Spi  Summ/Air       ####....     9%          4    ###....
e - Ozocubu's Armour      Chrm/Ice       ####....     2%          3    None
f - Summon Ice Beast      Ice/Summ       ####....     12%         4    ###....
g - Apportation           Tloc           ###...       4%          1    None
h - Shroud of Golubria    Chrm/Tloc      ###.......   2%          2    None
i - Regeneration          Chrm/Necr      ####......   4%          3    None
j - Blink                 Tloc           N/A          8%          2    None
k - Spectral Weapon       Hex/Chrm       ####....     4%          3    None
l - Ozocubu's Refrigerat  Ice            ####......   36%         6    ######.

Your spell library contained the following spells:

 Spells                   Type           Power        Failure   Level  Hunger
 Spellforged Servitor     Conj/Summ      ###.......   98%         7    #######
 Flame Tongue             Conj/Fire      ###..        1%          1    None
 Freeze                   Ice            ####         1%          1    None
 Infusion                 Chrm           ####         1%          1    None
 Summon Small Mammal      Summ           ####         1%          1    None
 Call Imp                 Summ           ####....     1%          2    None
 Song of Slaying          Chrm           ####....     1%          2    None
 Throw Frost              Conj/Ice       ###...       1%          2    None
 Throw Flame              Conj/Fire      ###...       2%          2    None
 Mephitic Cloud           Conj/Pois/Air  ###.....     2%          3    None
 Animate Skeleton         Necr           N/A          4%          1    None
 Confusing Touch          Hex            ###...       4%          1    None
 Poisonous Vapours        Pois/Air       ###...       4%          2    None
 Call Canine Familiar     Summ           ####....     4%          3    None
 Conjure Flame            Conj/Fire      ###.....     5%          3    None
 Throw Icicle             Conj/Ice       ###.....     5%          4    ###....
 Summon Guardian Golem    Hex/Summ       ###.....     7%          3    None
 Confuse                  Hex            ###.....     12%         3    None
 Tukima's Dance           Hex            ###.....     12%         3    None
 Portal Projectile        Hex/Tloc       ###...       13%         3    None
 Irradiate                Conj/Tmut      ##........   41%         5    #####..
 Freezing Cloud           Conj/Ice/Air   ####......   45%         6    ######.
 Invisibility             Hex            ###.....     99%         6    ######.
 Dispersal                Tloc           ###.......   100%        6    ######.
 Hydra Form               Tmut           #.........   100%        6    ######.
 Statue Form              Tmut/Erth      #........    100%        6    ######.
 Dragon Form              Tmut           #.........   100%        7    #######
 Ring of Flames           Chrm/Fire      ####......   100%        7    #######


Dungeon Overview and Level Annotations

Branches:
Dungeon (13/15)            Temple (1/1) D:4            Lair (6/6) D:10
 Shoals (1/4) Lair:4          Orc (2/2) D:9             Elf (0/3) Orc:2
  Snake: Lair:2-4    Spider: Lair:2-4     Slime: Lair:5-6    Vaults: D:13-14

Altars:
Ashenzari
Cheibriados
Dithmenos
Elyvilon
Fedhas
Hepliaklqana
Kikubaaqudgha
Makhleb
Nemelex Xobeh
Okawaru
Qazlal
Ru
Sif Muna
Trog
Uskayaw
Vehumet
Wu Jian
Xom
Yredelemnul
Zin
The Shining One
Jiyva

Shops:
Orc:2 !*[=(

Annotations:
D:10 Sonja
Lair:5 exclusion: hydra
Lair:6 1 runed door


Innate Abilities, Weirdness & Mutations

You are small and have problems with some larger weapons.
You are somewhat resistant to further mutation.


Message History

Vehumet accepts your kill.
You feel your power returning.
The water nymph points at you and mumbles some strange words.
The water swirls and strikes you!
As you read the scroll of teleportation, it crumbles to dust.
You feel strangely unstable.
The water nymph points at you and mumbles some strange words.
The water swirls and strikes you! The harpy misses you.
The harpy completely misses you.
Unknown command.
Casting: Blink (safe; 8% risk of failure)
Confirm with . or Enter, or press ? or * to list all spells.
You miscast Blink.
You are very lightly contaminated with residual magic.
The world appears momentarily distorted!
The harpy claws you! The harpy completely misses you. x2
You block the harpy's attack. The water nymph casts a spell at you.
The water swirls and strikes you!
You die...

#....m..≈≈≈...≈.≈≈≈≈≈...
...m≈....≈≈≈.....≈≈≈...#
≈≈.≈≈.....≈≈..>..≈≈≈≈..##
≈≈≈≈≈≈≈...≈≈.....≈≈≈≈≈..##
≈≈≈≈....≈≈mk≈≈≈.≈≈≈≈≈....
≈≈≈.##m≈≈..m≈≈≈≈≈≈≈≈≈... .≈
$≈≈..k..≈≈m##..≈≈≈≈≈≈..# .≈≈
≈≈...k#....k.†.≈≈H≈≈≈≈≈###.≈≈
≈≈..........≈≈.≈@H≈≈m≈≈...≈≈.
≈.#......!..≈≈.≈HH≈≈≈≈≈≈...##
≈.##..≈≈≈...≈≈.≈≈≈≈H≈≈≈...##.
≈...≈≈≈≈.≈≈≈≈≈≈.≈≈S.≈≈≈......
≈..≈≈≈≈≈≈≈≈≈≈≈≈.≈≈≈.≈≈.......
...≈≈≈≈≈≈≈≈.≈≈≈≈≈≈≈≈≈....H≈≈≈
..≈≈≈≈≈≈≈≈≈≈≈≈≈≈≈≈≈$.###.≈≈≈≈
.....≈≈≈≈≈≈≈≈≈≈≈≈≈≈..# .≈≈≈≈
...#.≈≈≈≈≈≈≈ ≈≈≈≈≈≈. ≈≈≈


You could see a merfolk impaler, a sea snake, 2 wind drakes, 2 merfolk, a water
nymph and 5 harpies.

Vanquished Creatures
  An orc warlord (Orc:1)
  Nessos (Orc:2)
  An ettin (Orc:2)
  Snorg (Orc:2)
  A fire dragon (Lair:6)
  Harold (D:9)
  An ice dragon (Lair:6)
  Josephine (Orc:1)
  3 hydras
  A catoblepas (Lair:6)
  4 two-headed ogres
  2 orc high priests (Orc:2)
  2 unseen horrors (D:11)
  A sea snake (Shoals:1)
  A swamp dragon (Lair:6)
  2 wizards (Gauntlet)
  Pikel (D:5)
  5 orc knights
  3 ugly things
  A manticore (Shoals:1)
  An orc sorcerer (Orc:2)
  3 elephants (Lair:5)
  3 cyclopes
  A black mamba (Lair:5)
  A merfolk siren (Lair:4)
  3 torpor snails (Lair:6)
  5 rime drakes
  A smoke demon (Gauntlet)
  3 komodo dragons
  A merfolk (Lair:4)
  5 hornets (Lair:6)
  2 trolls
  A red devil (Gauntlet)
  4 tyrant leeches (Lair:6)
  3 wargs
  8 blink frogs (Lair:6)
  A hippogriff (Lair:5)
  8 yaks
  A wyvern (D:10)
  2 basilisks (Lair:6)
  2 steam dragons (Lair:6)
  Edmund (D:5)
  2 acid dragons (Lair:6)
  5 water moccasins
  2 porcupines (Lair:5)
  2 sky beasts
  9 ice beasts
  18 orc warriors
  2 hornet zombies
  11 ogres
  An eye of draining (D:13)
  2 wolves (D:11)
  2 centaurs
  6 crocodiles
  A big kobold (D:7)
  7 bullfrogs
  2 scorpions
  2 wyvern skeletons
  3 killer bees (D:6)
  6 howler monkeys
  4 crimson imps
  2 centaur zombies
  A bullfrog zombie (D:12)
  2 centaur skeletons
  2 jellies
  7 orc priests
  2 bullfrog skeletons (D:4)
  8 hounds
  4 iguanas
  10 worker ants
  15 orc wizards
  12 adders
  4 gnolls (D:2)
  4 river rats
  2 shadow imps
  2 white imps (Gauntlet)
  An ooze (D:2)
  9 worms
  2 dart slugs
  4 leopard geckos
  50 orcs
  5 giant cockroaches
  5 goblins
  4 hobgoblins
  5 jackals
  6 quokkas
  12 ball pythons
  3 bats
  6 frilled lizards
  18 kobolds
  A leopard gecko skeleton (D:9)
  33 rats
  2 plants (Lair:6)
424 creatures vanquished.

Vanquished Creatures (collateral kills)
  An orc warlord (Orc:2)
  An ogre mage (Orc:1)
  2 orc high priests (Orc:2)
  A lindwurm (Lair:6)
  An orc knight (Orc:2)
  An ugly thing (D:10)
  3 orc sorcerers (Orc:2)
  Maurice (Orc:2)
  2 torpor snails (Lair:6)
  A spiny frog (Lair:4)
  A troll (D:11)
  A hornet (Lair:6)
  2 blink frogs (Lair:6)
  2 yaks (Lair:4)
  2 basilisks (Lair:6)
  5 wraiths
  2 wargs
  A water moccasin (Lair:5)
  14 orc warriors
  An ogre (Orc:2)
  2 crocodiles
  A big kobold (D:11)
  A crimson imp (D:10)
  A gnoll shaman (Orc:2)
  6 orc priests (Orc:2)
  An iguana (Lair:6)
  6 orc wizards (Orc:2)
  3 gnolls (Orc:2)
  26 orcs
  A kobold (D:11)
  3 plants (Lair:6)
96 creatures vanquished.

Vanquished Creatures (others)
  A centaur (D:5)
  A giant cockroach (D:3)
  A quokka (D:5)
  3 fungi
  4 plants
  2 spectral weapons
12 creatures vanquished.

Grand Total: 532 creatures vanquished

Notes
Turn   | Place    | Note
-------+----------+-------------------------------------------
     0 | D:1      | Lavandula the Halfling Enchanter began the quest for the
                  | Orb.
     0 | D:1      | Reached XP level 1. HP: 11/11 MP: 3/3
   416 | D:1      | Reached XP level 2. HP: 16/17 MP: 1/4
   420 | D:1      | Learned a level 2 spell: Ensorcelled Hibernation
   635 | D:2      | Found a snail-covered altar of Cheibriados.
   643 | D:2      | Reached XP level 3. HP: 21/21 MP: 5/5
   791 | D:4      | Found a staircase to the Ecumenical Temple.
   850 | D:4      | Reached XP level 4. HP: 8/27 MP: 2/6
   995 | D:4      | Reached skill level 5 in Short Blades
  1164 | D:4      | Reached XP level 5. HP: 28/31 MP: 1/7
  1171 | Temple   | Entered the Ecumenical Temple
  1276 | Temple   | Became a worshipper of Vehumet
  1371 | D:4      | Learned a level 3 spell: Dazzling Spray
  1376 | D:4      | Found a glowing drain.
  1398 | Sewer    | Entered a sewer
  1586 | Sewer    | Reached * piety under Vehumet
  1586 | Sewer    | Offered knowledge of Magic Dart by Vehumet.
  1703 | Sewer    | Got a shimmering morningstar
  1722 | Sewer    | Identified the +3 morningstar of Gehenna {antimagic, rN+
                  | Dex+7} (You found it in a sewer)
  1800 | Sewer    | Reached XP level 6. HP: 31/37 MP: 1/8
  1803 | Sewer    | Reached skill level 1 in Maces & Flails
  2259 | D:4      | Reached ** piety under Vehumet
  2276 | D:4      | Reached XP level 7. HP: 36/42 MP: 3/9
  2322 | D:5      | Entered Level 5 of the Dungeon
  2447 | D:2      | Offered knowledge of Searing Ray by Vehumet.
  2634 | D:2      | Found a blossoming altar of Fedhas.
  3222 | D:2      | Learned a level 3 spell: Confuse
  3291 | D:3      | Offered knowledge of Ignite Poison by Vehumet.
  3420 | D:3      | Found a shattered altar of Ashenzari.
  3429 | D:3      | Reached skill level 1 in Conjurations
  3484 | D:3      | Found a white marble altar of Elyvilon.
  3574 | D:4      | Reached XP level 8. HP: 43/47 MP: 6/10
  3707 | D:4      | Learned a level 3 spell: Ozocubu's Armour
  3747 | D:5      | Found a shattered altar of Ashenzari.
  3763 | D:5      | Reached *** piety under Vehumet
  3763 | D:5      | Reached skill level 1 in Charms
  4223 | D:5      | Noticed Edmund
  4619 | D:5      | Noticed Pikel
  4627 | D:5      | Killed Pikel
  4627 | D:5      | Reached skill level 5 in Spellcasting
  4627 | D:5      | Reached XP level 9. HP: 52/52 MP: 3/16
  4638 | D:5      | Killed Edmund
  4720 | D:6      | Noticed a two-headed ogre
  4750 | D:6      | Killed a two-headed ogre
  4773 | D:6      | Reached skill level 10 in Short Blades
  4960 | D:6      | Reached XP level 10. HP: 27/57 MP: 3/17
  5054 | D:6      | Found a burning altar of Makhleb.
  5062 | D:6      | Learned a level 4 spell: Summon Ice Beast
  5093 | D:6      | Offered knowledge of Stone Arrow by Vehumet.
  5098 | D:6      | Reached skill level 1 in Summonings
  5312 | D:6      | Learned a level 3 spell: Spectral Weapon
  5552 | D:7      | Reached **** piety under Vehumet
  5598 | D:6      | Offered knowledge of Bolt of Magma by Vehumet.
  5621 | D:6      | HP: 2/57 [poisoned by a killer bee]
  5626 | D:6      | HP: 2/57 [poisoned by a killer bee]
  5631 | D:6      | HP: 1/57 [poisoned by a killer bee]
  6000 | D:7      | Found a hazy altar of Hepliaklqana.
  6000 | D:7      | Found a deep blue altar of Sif Muna.
  6039 | D:8      | Learned a level 2 spell: Shroud of Golubria
  6154 | D:9      | Noticed a two-headed ogre
  6402 | D:9      | Found a staircase to the Orcish Mines.
  6409 | D:9      | Identified Gerexase's Handbook of Bewitching Fire
  6417 | D:9      | Noticed Harold
  6438 | D:9      | Killed Harold
  6785 | D:10     | Entered Level 10 of the Dungeon
  6808 | D:10     | Learned a level 3 spell: Regeneration
  6838 | D:10     | Found a staircase to the Lair.
  6839 | D:10     | Noticed a komodo dragon
  6841 | D:10     | Reached skill level 1 in Necromancy
  6875 | D:10     | Killed a komodo dragon
  6882 | Lair:1   | Entered Level 1 of the Lair of Beasts
  6915 | Lair:1   | Found a gate leading to a gauntlet.
  6944 | Gauntlet | Entered a Gauntlet
  6944 | Gauntlet | Found a transporter.
  6944 | Gauntlet | Found a transporter.
  6947 | Gauntlet | Noticed a smoke demon
  6948 | Gauntlet | Found a transporter.
  6952 | Gauntlet | Found a transporter.
  6962 | Gauntlet | Found a transporter.
  6965 | Gauntlet | Found a transporter.
  6965 | Gauntlet | Found a transporter.
  6965 | Gauntlet | Noticed a hell hog
  6967 | Gauntlet | Found a transporter.
  6967 | Gauntlet | Found a transporter.
  6971 | Gauntlet | Noticed a wizard
  6971 | Gauntlet | Noticed a death scarab
  6972 | Gauntlet | Noticed a wizard
  6975 | Gauntlet | Noticed a ghost crab
  6976 | Gauntlet | Found a transporter.
  6980 | Gauntlet | Found a transporter.
  6984 | Gauntlet | Noticed a komodo dragon
  7000 | Gauntlet | Found a transporter.
  7001 | Gauntlet | Noticed a death ooze
  7079 | Gauntlet | Noticed a death scarab
  7141 | Gauntlet | Reached XP level 11. HP: 32/62 MP: 22/22
  7351 | Gauntlet | Killed a wizard
  7351 | Gauntlet | Reached skill level 5 in Charms
  7353 | Gauntlet | Paralysed by a wizard for 5 turns
  7371 | Gauntlet | Killed a wizard
  7399 | Gauntlet | Got a pitted cloak
  7410 | Gauntlet | Identified the +1 cloak of Nedunegu {Int+2 Dex+4} (You
                  | found it in a Gauntlet)
  7495 | Gauntlet | Got a flickering ruby amulet
  7509 | Gauntlet | Identified the amulet of Udwuniama {Acrobat rPois rC+++ rN+
                  | MR-} (You found it in a Gauntlet)
  7628 | Gauntlet | Identified the cursed +3 short sword of Ecvaniuf {venom,
                  | rElec}
  7628 | Gauntlet | Noticed a minotaur
  7755 | Gauntlet | Got a jewelled helmet
  7766 | Gauntlet | Identified the +0 helmet "Ebleoxaimn" {-Tele rPois MP+9
                  | Dex+7} (You found it in a Gauntlet)
  7767 | Gauntlet | Identified the Collected Works on the Compass
  7886 | Lair:1   | Reached skill level 1 in Fighting
  8016 | D:11     | Reached ***** piety under Vehumet
  8016 | D:11     | Offered knowledge of Bolt of Cold by Vehumet.
  8028 | D:11     | Killed an unseen horror
  8228 | D:11     | Killed an unseen horror
  8348 | D:12     | Noticed a red ugly thing
  8361 | D:12     | Killed a red ugly thing
  8361 | D:12     | Reached skill level 1 in Shields
  8469 | D:11     | Noticed a cyclops
  8474 | D:12     | Killed a cyclops
  8645 | D:13     | Noticed a cyclops
  8673 | D:13     | Noticed a cyclops
  8686 | D:13     | Killed a cyclops
  8696 | D:13     | Killed a cyclops
  8743 | D:12     | Reached skill level 5 in Shields
  8928 | D:12     | Reached XP level 12. HP: 48/70 MP: 19/23
  8932 | D:12     | Learned a level 2 spell: Blink
  8941 | D:12     | Noticed an entropy weaver
  9011 | D:10     | Found a snail-covered altar of Cheibriados.
  9128 | D:10     | Reached skill level 5 in Summonings
  9373 | D:10     | Reached skill level 1 in Translocations
  9411 | D:10     | Noticed Sonja
  9476 | Orc:1    | Entered Level 1 of the Orcish Mines
  9603 | Orc:1    | Found a frozen archway.
  9644 | IceCv    | Entered an ice cave
  9645 | IceCv    | Found a transporter.
  9713 | IceCv    | Got a glittering steel ring
  9714 | IceCv    | Identified the ring "Kabokkacs" {+Fly rPois} (You found it
                  | in an ice cave)
  9809 | IceCv    | Found a transporter.
  9823 | Orc:1    | Reached skill level 5 in Stealth
 10064 | Orc:1    | Noticed a two-headed ogre
 10064 | Orc:1    | Noticed an ogre mage
 10086 | Orc:1    | Noticed a two-headed ogre
 10087 | Orc:1    | Noticed a two-headed ogre
 10119 | Orc:1    | Killed a two-headed ogre
 10154 | D:9      | Killed a two-headed ogre
 10252 | D:9      | Learned a level 4 spell: Summon Lightning Spire
 10298 | D:9      | Killed a two-headed ogre
 10353 | Orc:1    | Killed an ogre mage
 10392 | Orc:2    | Entered Level 2 of the Orcish Mines
 10394 | Orc:2    | Found Annu's Distillery.
 10405 | Orc:2    | Noticed Nessos
 10566 | Orc:2    | Noticed Josephine
 10761 | Orc:1    | >_>
 10819 | Orc:1    | Killed Josephine
 10847 | Orc:2    | Noticed Maurice
 10849 | Orc:2    | Paralysed by Maurice for 2 turns
 10856 | Orc:2    | Paralysed by Maurice for 2 turns
 10979 | Orc:2    | Killed Maurice
 10979 | Orc:2    | Reached skill level 5 in Air Magic
 11067 | Orc:2    | Found a staircase to the Elven Halls.
 11107 | Orc:2    | Reached XP level 13. HP: 79/79 MP: 20/25
 11289 | Orc:2    | Noticed Snorg
 11305 | Orc:2    | Killed Snorg
 11339 | Orc:2    | Noticed an ettin
 11408 | Orc:2    | Killed an ettin
 11417 | Orc:2    | Learned a level 1 spell: Apportation
 11467 | Orc:2    | Killed Nessos
 11467 | Orc:2    | Reached skill level 5 in Dodging
 11491 | Orc:2    | Bought a potion of might for 60 gold pieces
 11520 | Orc:2    | Offered knowledge of Bolt of Fire by Vehumet.
 12282 | Orc:2    | Noticed an orc warlord
 12515 | Orc:2    | Reached skill level 5 in Fighting
 12598 | Orc:2    | Killed an orc warlord
 12705 | Orc:2    | Found Puxeb's General Store.
 12706 | Orc:2    | Found Fogau's Jewellery Emporium.
 12707 | Orc:2    | Found Bepicrum's Antique Armour Emporium.
 12707 | Orc:2    | Found Udoidef's Antique Weapon Shoppe.
 12722 | Orc:2    | Bought a scroll of blinking for 90 gold pieces
 12782 | Orc:2    | Bought a faintly glowing scimitar for 324 gold pieces
 12782 | Orc:2    | Identified the +7 scimitar of Ehoedump {slice, rN+ Int+2}
                  | (You bought it in a shop on level 2 of the Orcish Mines)
 12936 | Orc:1    | Noticed an orc warlord
 13019 | Orc:1    | Killed an orc warlord
 13224 | Orc:1    | Offered knowledge of Ozocubu's Refrigeration by Vehumet.
 13371 | Orc:2    | Bought a +6 ring of protection for 936 gold pieces
 13372 | Orc:2    | Bought a scroll of enchant weapon for 90 gold pieces
 13406 | Orc:2    | Bought a potion of brilliance for 60 gold pieces
 13821 | Lair:5   | Noticed a four-headed hydra
 13866 | Lair:6   | Entered Level 6 of the Lair of Beasts
 13937 | Lair:6   | Reached XP level 14. HP: 57/90 MP: 13/27
 14075 | Lair:6   | Found a runed door.
 14076 | Lair:6   | Found a viscous altar of Jiyva.
 14560 | Lair:6   | Got a transparent steel ring
 14562 | Lair:6   | Identified the ring "Ythoang" {+Fly Int+3} (You found it on
                  | level 6 of the Lair of Beasts)
 14646 | Lair:6   | Reached skill level 10 in Spellcasting
 14727 | Lair:6   | Found a runed door.
 14985 | Lair:6   | Learned a level 6 spell: Ozocubu's Refrigeration
 15377 | Lair:5   | Reached skill level 5 in Ice Magic
 15550 | Lair:4   | Offered knowledge of Spellforged Servitor by Vehumet.
 15664 | Lair:4   | Found a staircase to the Shoals.
 15692 | Shoals:1 | Entered Level 1 of the Shoals
 15730 | Shoals:1 | Killed from afar by a water nymph

Vault maps used:
D:1:      psy_arrival_radial01, minivault_26
D:2:      lemuel_doored_altar, kennysheep_slug_shrine
D:3:      ashenzari_altar_1, elyvilon_altar_4, first_ration
D:4:      minmay_temple_entry_mist, lightli_sewer_entry_pipes
D:5:      basic_altar, uniq_pikel, uniq_edmund
D:6:      basic_altar
D:7:      chequers_temple_overflow_minitemple
D:8:      hangedman_little_slice_of_home
D:9:      minmay_opposing_rooms, orc_0_dummy, uniq_harold
D:10:     david_lair_shrubbed, basic_altar, lightli_orcish_oven, uniq_sonja
D:11:     uniq_grum
D:12:     zaba_anthell
Temple:   regret_index_temple_waves
Lair:1:   gauntlet_entry_generic
Lair:4:   elwin_shoals_entry_rooms, dummy_snake_entry, st_stairs_3
Lair:6:   guppyfry_lair_end_dragon, wormcave, slime_altar_2
Shoals:1: nicolae_shoals_arrival_archipelago
Orc:1:    cheibrodos_orc_arena, portal_ice_cave_rime
Orc:2:    st_orc_congregation, serial_shops, nicolae_shop_behind_doors,
          uniq_maurice, uniq_josephine, uniq_nessos, uniq_snorg
Sewer:    sewer_minmay_w
IceCv:    ice_cave_statue_garden_transporter
Gauntlet: gammafunk_gauntlet_hard_choice

Skill      XL: |  1  2  3  4  5  6  7  8  9 10 11 12 13 14 |
---------------+-------------------------------------------+-----
Short Blades   | 2 3 4 5 6 7 10 | 10.5
Maces & Flails | 1 |  1.2
Dodging        | 4 8 |  8.2
Conjurations   | 2 |  2.5
Spellcasting   | 5 7 8 9 10 | 10.7
Charms         | 2 3 7 |  7.1
Ice Magic      | 3 5 |  5.7
Summonings     | 2 4 5 |  5.1
Necromancy     | 2 |  2.3
Fighting       | 2 4 6 |  6.7
Shields        | 5 |  5.8
Translocations | 2 |  2.0
Stealth        | 5 |  5.6
Air Magic      | 5 7 |  7.1
Hexes          | |  2.5

Action                   |  1- 3 |  4- 6 |  7- 9 | 10-12 | 13-15 || total
-------------------------+-------+-------+-------+-------+-------++-------
Melee: Dagger            |   105 |   145 |   332 |   641 |   799 ||  2022
       Morningstar       |       |    31 |     7 |       |       ||    38
 Fire: Blowgun           |       |       |       |       |     4 ||     4
Throw: Throwing net      |       |       |       |     2 |     1 ||     3
 Cast: Corona            |     5 |     2 |     2 |       |       ||     9
       Ensorcelled Hiber |     4 |    24 |    40 |    88 |    23 ||   179
       Dazzling Spray    |       |     1 |    26 |   110 |    89 ||   226
       Confuse           |       |       |     3 |     8 |       ||    11
       Ozocubu's Armour  |       |       |     2 |       |       ||     2
       Regeneration      |       |       |       |    23 |    10 ||    33
       Shroud of Golubri |       |       |       |     8 |     3 ||    11
       Spectral Weapon   |       |       |       |     4 |       ||     4
       Summon Lightning  |       |       |       |    10 |    73 ||    83
       Summon Ice Beast  |       |       |       |     7 |     6 ||    13
       Apportation       |       |       |       |       |    12 ||    12
       Blink             |       |       |       |       |     4 ||     4
       Ozocubu's Refrige |       |       |       |       |     1 ||     1
Evoke: Wand              |       |       |       |    32 |     8 ||    40
  Use: Potion            |     2 |     2 |     1 |    13 |       ||    18
       Scroll            |       |     5 |     1 |     7 |     8 ||    21
 Stab: Sleeping          |     6 |    19 |    22 |    46 |    11 ||   104
       Invisible         |     2 |       |    10 |    45 |    43 ||   100
       Confused          |       |       |     3 |     3 |       ||     6
       Distracted        |       |       |       |     2 |    13 ||    15
       Held in net/web   |       |       |       |     2 |     1 ||     3
       Paralysed         |       |       |       |       |     1 ||     1
  Eat: Chunk             |     1 |     7 |    12 |    22 |    25 ||    67
       Ration            |       |       |     1 |     2 |       ||     3
Armor: Robe              |    14 |    22 |    48 |       |       ||    84
       Leather armour    |       |       |       |    60 |       ||    60
       Troll leather arm |       |       |       |    27 |    93 ||   120
Dodge: Dodged            |    57 |   140 |   231 |   437 |   487 ||  1352
Block: Buckler           |       |       |       |   105 |   162 ||   267

Table legend:
 A = Non-vault XP
 B = Vault XP
 C = Vault XP percentage of total XP
 D = Non-vault monster count
 E = Vault monster count
 F = Vault count percentage of total count
                 A         B        C        D         E       F
            +---------+---------+-------+---------+---------+-------
      Total |   32276 |   31179 |  49.1 |     286 |     229 |  44.5
            +---------+---------+-------+---------+---------+-------
        D:1 |      13 |       0 |   0.0 |       8 |       0 |   0.0
        D:2 |     299 |       4 |   1.3 |      24 |       1 |   4.0
        D:3 |      80 |       0 |   0.0 |      19 |       0 |   0.0
        D:4 |     766 |      89 |  10.4 |      22 |      12 |  35.3
        D:5 |     577 |     793 |  57.9 |      12 |       2 |  14.3
        D:6 |    1641 |       0 |   0.0 |      29 |       0 |   0.0
        D:7 |     236 |       0 |   0.0 |      13 |       0 |   0.0
        D:8 |     238 |       0 |   0.0 |       3 |       0 |   0.0
        D:9 |    3189 |    1308 |  29.1 |      28 |       9 |  24.3
       D:10 |    1098 |     357 |  24.5 |      12 |       2 |  14.3
       D:11 |    2225 |     255 |  10.3 |      14 |       3 |  17.6
       D:12 |    1547 |      33 |   2.1 |       5 |       1 |  16.7
       D:13 |    2039 |       0 |   0.0 |       6 |       0 |   0.0
     Lair:1 |      90 |       0 |   0.0 |       1 |       0 |   0.0
     Lair:2 |     394 |       0 |   0.0 |       1 |       0 |   0.0
     Lair:4 |    1146 |     763 |  40.0 |       7 |       2 |  22.2
     Lair:5 |    4845 |     407 |   7.7 |      14 |       3 |  17.6
     Lair:6 |    4902 |    8262 |  62.8 |      18 |      32 |  64.0
   Shoals:1 |    1347 |       0 |   0.0 |       2 |       0 |   0.0
      Orc:1 |    3018 |    4704 |  60.9 |      17 |      21 |  55.3
      Orc:2 |    2586 |   10335 |  80.0 |      31 |      77 |  71.3
      Sewer |       0 |     310 | 100.0 |       0 |      47 | 100.0
      IceCv |       0 |    1315 | 100.0 |       0 |       7 | 100.0
   Gauntlet |       0 |    2244 | 100.0 |       0 |      10 | 100.0
            +---------+---------+-------+---------+---------+-------
